 Dungeon Crawl Stone Soup version 0.31-a0-846-gb3bcc0d938 (webtiles) character file.

Game seed: 9616409812848183033

225 croobank the Sneak (level 6, -1/43 HPs)
             Began as an Octopode Delver on Oct 3, 2023.
             Slain by a ball python (2 damage)
             ... in a sewer.
             The game lasted 00:03:03 (561 turns).

croobank the Sneak (Octopode Delver)                 Turns: 561, Time: 00:03:04

Health: -1/43      AC:  1    Str: 11    XL:     6   Next: 1%
Magic:  6/6        EV: 11    Int: 18    God:
Gold:   16         SH:  0    Dex: 19    Spells: 5/5 levels left

rFire   . . .        c - +1 whip "Rematela" {spect, +Blink Will- Int+4 Dex+5}
rCold   + . .        (no shield)
rNeg    . . .        (helmet restricted)
rPois   .            (no amulet)
rElec   .            h - ring of protection from cold
rCorr   .            (no ring)
SInv    .            (no ring)
Will    .....        (no ring)
Stlth   +++++        (no ring)
HPRegen 0.27/turn    (no ring)
MPRegen 0.10/turn    (no ring)
                     (no ring)

%: no passive effects
@: hasted, constricted, very quick
A: almost no armour, amphibious, 8 rings, camouflage 1, gelatinous body 1,
(nimble swimmer 1), tentacles
a: Evoke Blink


You were in a sewer.
You visited 1 branch of the dungeon, and saw 4 of its levels.
You also visited: Sewer.

You collected 16 gold pieces.

Inventory:

Hand Weapons
 a - a +0 short sword
 c - the +1 whip "Rematela" (weapon) {spect, +Blink Will- Int+4 Dex+5}
   (You found it on level 3 of the Dungeon)

   Int+4:     It affects your intelligence (+4).
   Dex+5:     It affects your dexterity (+5).
   Will-:     It decreases your willpower.
   +Blink:    It lets you blink.
 i - the +1 quarterstaff of Mastery {antimagic, *Corrode rPois Dex+7}
   (You found it on level 3 of the Dungeon)

   Dex+7:     It affects your dexterity (+7).
   rPois:     It protects you from poison *Corrode: It may corrode you when you
   take damage.
Jewellery
 h - a ring of protection from cold (left tentacle)
Wands
 f - a wand of digging (3)
Scrolls
 b - a scroll of fog
 d - a scroll of fear
 j - a scroll of identify {unknown}
Potions
 g - a potion of curing {unknown}
 k - 2 potions of enlightenment {unknown}
 l - a potion of heal wounds {unknown}


   Skills:
 + Level 4.1 Fighting
 + Level 3.4 Short Blades
 + Level 3.4 Dodging
 + Level 7.8 Stealth


You had 5 spell levels left.
You didn't know any spells.
Your spell library was empty.

Dungeon Overview and Level Annotations

Branches:
Dungeon (6/15)              Sewer (1/1)
 Temple: D:4-7

Altars:
Ashenzari


Innate Abilities, Weirdness & Mutations

You cannot wear most types of armour.
You are amphibious.
You can wear up to eight rings at the same time.
Your skin changes colour to match your surroundings (Stealth+).
Your rubbery body absorbs attacks. (AC +1, EV +1)
((You are camouflaged when in or above water. (Stealth+)))
You have tentacles for arms and can constrict up to eight enemies at once.


Message History

You kill the quokka!
The quokka completely misses you. The ball python closely misses you.
The ball python barely misses you. The endoplasm hits you.
You closely miss the ball python. You grab the ball python.
You squeeze the ball python.
You kill the ball python!
Your +1 whip "Rematela" {spect, +Blink Will- Int+4 Dex+5} disappears.
The quokka bites you. The endoplasm freezes you.
You are frozen.
You resist. The bullfrog hits you. The ball python barely misses you.
The ball python misses you.
You enter the shallow water.
The quokka splashes around in the water.
The bullfrog attacks as it pursues you! The bullfrog hits you.
The quokka bites you. The bullfrog hits you.
* * * LOW HITPOINT WARNING * * *
You hit the bullfrog. You grab the bullfrog. You squeeze the bullfrog!
The bullfrog is severely wounded.
Your +1 whip "Rematela" {spect, +Blink Will- Int+4 Dex+5} hits the bullfrog.
You constrict the bullfrog, but do no damage.
The bullfrog hits you!
* * * LOW HITPOINT WARNING * * *
The bullfrog hits you but does no damage.
The quokka barely misses your +1 whip "Rematela" {spect, +Blink Will- Int+4 Dex+5}.
You hit the bullfrog.
You kill the bullfrog!
Your +1 whip "Rematela" {spect, +Blink Will- Int+4 Dex+5} disappears.
The ball python misses you. The ball python barely misses you.
Your Fighting skill increases to level 4!
You have reached level 6!
You feel yourself speed up. The ball python misses you.
The ball python grabs you. The ball python constricts you.
* * * LOW HITPOINT WARNING * * *
The quokka bites you.
* * * LOW HITPOINT WARNING * * *
You miss the quokka. You grab the quokka.
Your +1 whip "Rematela" {spect, +Blink Will- Int+4 Dex+5} hits the quokka.
You constrict the quokka. The ball python bites you.
You die...

#~~~~###~.~###.~~#
#~~.##~~...~~##~.##
##~~##~~~~~~~~~##††##
#~†~#~.~.~~~~~~†~~.~#
#~~##~..#######~~~~~#
#†~#~~~##≈.~.†###~#######
~~~#~~##≈~..~†JS###~~~~~#
~†##~~#≈~~.~~.lSr.#~~~~~#
.~#~†##≈~.?~.~##@(#~~~~.#
~~#~~# r.)$$~~ #.~#~~#~~#
.~#~~# ~.?=..~ #~†#~†#†~#
~~#~~# ~~/.~~~ #~.##~#~~#
..#~~# ≈~.~~~~ #.~~#~#~~#
~.#..# ≈.~.~.. #~~∩#.#.~#
~~#~~## ##†~~#~#~~#
..##~~# #~.###~#~~#
††~#~~## ##~~#~~~#..#


You could see an endoplasm, a quokka, 2 ball pythons, a frilled lizard and a
friendly +1 whip "Rematela" {spect, +Blink Will- Int+4 Dex+5}.

Vanquished Creatures
  A bullfrog (Sewer)
  A hound (D:4)
  An iguana (D:4)
  An orc wizard (D:6)
  3 adders
  11 ball pythons
  8 endoplasms
  5 giant cockroaches
  2 goblins
  12 quokkas (Sewer)
  8 frilled lizards (Sewer)
53 creatures vanquished.

Notes
Turn   | Place    | Note
-------+----------+-------------------------------------------
     0 | D:5      | croobank the Octopode Delver began the quest for the Orb.
     0 | D:5      | Reached XP level 1. HP: 16/16 MP: 1/1
    10 | D:6      | Noticed an orc wizard
    10 | D:6      | Noticed an orc wizard
    10 | D:6      | Noticed an orc wizard
    10 | D:6      | Noticed an electric eel
    10 | D:6      | Noticed an electric eel
    12 | D:6      | Killed an orc wizard
    12 | D:6      | Noticed a water moccasin
    13 | D:6      | Reached XP level 2. HP: 21/21 MP: 2/2
    13 | D:6      | Reached XP level 3. HP: 26/26 MP: 3/3
    52 | D:5      | Found a broken altar of Ashenzari.
    66 | D:4      | Reached skill level 7 in Stealth
    77 | D:4      | Reached XP level 4. HP: 7/32 MP: 4/4
   257 | D:3      | Identified the +1 whip "Rematela" {spect, +Blink Will-
                  | Int+4 Dex+5}
   273 | D:3      | Identified the +1 quarterstaff of Mastery {antimagic,
                  | *Corrode rPois Dex+7}
   314 | D:3      | Found a glowing drain.
   349 | Sewer    | Entered a sewer
   382 | Sewer    | Reached XP level 5. HP: 33/37 MP: 5/5
   560 | Sewer    | Reached XP level 6. HP: 5/43 MP: 6/6
   560 | Sewer    | HP: 1/43 [quokka (3)]
   561 | Sewer    | Slain by a ball python

Illustrated notes

Levels and vault maps discovered:
D:3:      layout_basic, gup_sewer_entry_glass
D:4:      layout_rooms, led_sif_pool, uniq_menkaure
D:5:      layout_gridville, ashenzari_altar_1, grunt_decor_mini_mirrors
D:6:      layout_layer_cave, serial_rivers, chequers_serial_rivers_room_a,
          chequers_serial_rivers_large_b, chequers_serial_rivers_large_a,
          chequers_serial_rivers_small_b, chequers_serial_rivers_small_b,
          minivault_14, serial_bayou_lagoon_a, uniq_grinder
Sewer:    sewer_frog_island_02

Skill      XL: |  1  2  3  4  5 |
---------------+----------------+-----
Stealth        | 7 |  7.8
Short Blades   | 3 |  3.4
Dodging        | 3 |  3.4
Fighting       | 4 |  4.1

Action                     |  1- 3 |  4- 6 || total
---------------------------+-------+-------++-------
  Melee: Short sword       |    11 |     9 ||    20
         Tentacles         |     2 |    19 ||    21
         Constrict         |     2 |    24 ||    26
         Punch             |     1 |     2 ||     3
         Whip              |       |    70 ||    70
    Use: Scroll            |       |     1 ||     1
         Potion            |       |     1 ||     1
   Stab: Sleeping          |     2 |    14 ||    16
 Armour: Skin              |     8 |    30 ||    38
  Dodge: Dodged            |     2 |    45 ||    47

Table legend: (Time is in decaauts)
 A = Elapsed time spent in this place.
 B = Non-inter-level travel time spent in this place.
 C = Inter-level travel time spent in this place.
 D = Time resting spent in this place.
 E = Time spent auto-exploring this place.
 F = Levels seen in this place.
 G = Mean time per level.
                   A        B        C        D        E       F      G
               +--------+--------+--------+--------+--------+-----+--------+
         Total |    564 |    564 |      0 |    127 |     40 |   5 |  112.8 |
       Dungeon |    346 |    346 |      0 |    124 |     13 |   4 |   86.5 |
         Sewer |    217 |    217 |      0 |      3 |     27 |   1 |  217.0 |
               +--------+--------+--------+--------+--------+-----+--------+

Top non-repeatable levels by time:
   Sewer: 217 daAuts
     D:4: 178 daAuts
     D:3: 109 daAuts
     D:5: 53 daAuts
     D:6: 4 daAuts
